 Dungeon Crawl Stone Soup version 0.29-a0-270-g1586fc07ea (webtiles) character file.

Game seed: 963641395520517966

1 Crownlay the Digger (level 1, 0/11 HPs)
             Began as an Octopode Earth Elementalist on Mar 7, 2022.
             Slain by a ball python (1 damage)
             ... on level 1 of the Dungeon.
             The game lasted 00:00:12 (163 turns).

Crownlay the Digger (Octopode Earth Elementalist)    Turns: 163, Time: 00:00:12

Health: 0/11       AC:  1    Str:  7    XL:     1   Next: 20%
Magic:  3/3        EV: 13    Int: 17    God:
Gold:   31         SH:  0    Dex: 12    Spells: 3/4 levels left

rFire   . . .      SeeInvis .   (no weapon)
rCold   . . .      Faith    .   (no shield)
rNeg    . . .      Spirit   .   (helmet restricted)
rPois   .          Reflect  .   (no amulet)
rElec   .          Harm     .   (no ring)
rCorr   .          Rampage  .   (no ring)
Will    .....                   (no ring)
Stlth   +++.......              (no ring)
HPRegen 0.03/turn               (no ring)
MPRegen 0.08/turn               (no ring)
                                (no ring)
                                (no ring)

@: no status effects
A: almost no armour, amphibious, 8 rings, camouflage 1, gelatinous body 1,
(nimble swimmer 1), tentacles
a: no special abilities


You were on level 1 of the Dungeon.
You visited 1 branch of the dungeon, and saw 1 of its levels.

You collected 31 gold pieces.

Inventory:

Missiles
 a - 44 stones
Jewellery
 c - a +6 ring of strength
Potions
 b - a potion of magic
 d - a potion of flight {unknown}
 e - a potion of might {unknown}


   Skills:
 - Level 2.0 Dodging
 - Level 2.6 Stealth
 * Level 2.0 Spellcasting
 - Level 1.0 Transmutations
 + Level 3.0 Earth Magic


You had 3 spell levels left.
You knew the following spells:

 Your Spells              Type           Power      Damage    Failure   Level
a - Sandblast             Erth           24%        2d8       5%          1

Your spell library contained the following spells:

 Spells                   Type           Power      Damage    Failure   Level
 Passwall                 Tmut/Erth      6%         N/A       13%         2
 Stone Arrow              Conj/Erth      12%        3d7       30%         3
 Summon Guardian Golem    Hex/Summ       1%         N/A       50%         3
 Petrify                  Tmut/Erth      8%         N/A       63%         4
 Orb of Destruction       Conj           0%         9d5       100%        7
 Spellforged Servitor     Conj/Summ      0%         N/A       100%        7


Dungeon Overview and Level Annotations

Branches:
Dungeon (1/15)

Altars:


Innate Abilities, Weirdness & Mutations

You cannot wear most types of armour.
You are amphibious.
You can wear up to eight rings at the same time.
Your skin changes colour to match your surroundings (Stealth+).
Your rubbery body absorbs attacks. (AC +1, EV +1)
((You are camouflaged when in or above water. (Stealth+)))
You have tentacles for arms and can constrict up to eight enemies at once.


Message History

e - a brown potion You now have 25 gold pieces (gained 13).
You now have 31 gold pieces (gained 6).
a - 44 stones (gained 14)
Found a robe.
No target in view!
You see here a +0 robe. 2 goblins come into view.
The goblin shouts! x2; You hear an angry hiss.
The goblin moves out of view.
Found a stone staircase leading down.
You tentacle-slap the goblin but do no damage.
You grab the goblin. You squeeze the goblin.
You kill the goblin!
A ball python comes into view.
A gnoll comes into view. It is wielding a +0 club.
The gnoll shouts!
You tentacle-slap the goblin. Your grab misses the goblin.
The goblin is moderately wounded.
The goblin hits you with a +0 dagger.
You closely miss the goblin. Your grab misses the goblin.
The goblin is moderately wounded.
The goblin hits you with a +0 dagger.
You barely miss the goblin. Your grab misses the goblin.
The goblin is moderately wounded.
The ball python bites you. The ball python grabs you.
The ball python constricts you. The goblin barely misses you.
The ball python bites you. The ball python constricts you.
You are too injured to fight recklessly!
You escape the ball python's grasp.
The goblin attacks as you move away! The goblin hits you with a +0 dagger.
The ball python bites you.
* * * LOW HITPOINT WARNING * * *
The ball python barely misses you. The ball python closely misses you.
The ball python completely misses you.
The ball python attacks as you move away!
The ball python closely misses you.
The ball python attacks as you move away!
The ball python bites you.
You die...

...#...##...##...#....#...#
...##...##.##...##...##...#
....##.....#)..##....#....#
#....#+#...#.###....##...##
##.....#####.#.....##....#
.###.......#.....###....##
...####....#..####.....##
......####.####.......##
##.........#...[@..####
####......#...S#########
########..g##........
#.....g.g# #.####)### ...
...# .... ..##.# ...... #.#
..... #.#


You could see a goblin and a ball python.

Vanquished Creatures
  A goblin (D:1)
1 creature vanquished.

Notes
Turn   | Place    | Note
-------+----------+-------------------------------------------
     0 | D:1      | Crownlay the Octopode Earth Elementalist began the quest
                  | for the Orb.
     0 | D:1      | Reached XP level 1. HP: 11/11 MP: 3/3
   163 | D:1      | Slain by a ball python

Illustrated notes

Levels and vault maps discovered:
D:1:      dpeg_arrival_circle_labyrinth_a, layout_loops_ring,
          hellmonk_ecumenical_altar_slurped_away

Action                   || total
-------------------------++-------
Melee: Unarmed           ||     4
       Constrict         ||     1
       Tentacles         ||     1
Dodge: Dodged            ||     5

Table legend: (Time is in decaauts)
 A = Elapsed time spent in this place.
 B = Non-inter-level travel time spent in this place.
 C = Inter-level travel time spent in this place.
 D = Time resting spent in this place.
 E = Time spent auto-exploring this place.
 F = Levels seen in this place.
 G = Mean time per level.
                   A        B        C        D        E       F      G
               +--------+--------+--------+--------+--------+-----+--------+
         Total |    163 |    163 |      0 |      0 |    144 |   1 |  163.0 |
       Dungeon |    163 |    163 |      0 |      0 |    144 |   1 |  163.0 |
               +--------+--------+--------+--------+--------+-----+--------+

Top non-repeatable levels by time:
     D:1: 163 daAuts
